Map: Línea Aguablanca EE

Players

TATORREA

  • Race: Protoss Protoss
  • League: Gold
  • Spawn Location: 7:00

tigro

  • Race: Terran Terran
  • League: Bronze
  • Spawn Location: 7:00

MrFercho

  • Race: Zerg Zerg
  • League: Gold
  • Spawn Location: 6:00

Bernes - Winner!

  • Race: Terran Terran
  • League: Platinum
  • Spawn Location: 1:00

YIG - Winner!

  • Race: Protoss Protoss
  • Spawn Location: 12:00

simons - Winner!

  • Race: Zerg Zerg
  • Spawn Location: 1:00

VOD

Have the link to the VOD?

Description

Time

  • Played on: July 30, 2020, 8:03 p.m.
  • Length: 13:11
Show
View Real Time Build Order
Export as new Build Order

TATORREA Protoss 

Build Orders:  

Get SALT Encoding   

  12  0:04  Probe  
  13  0:17  Probe  
  14  0:29  Pylon, Probe  
  15  0:47  Probe  
  16  0:55  Gateway  
  16  0:59  Probe  
  17  1:09  Assimilator  
  17  1:11  Probe (Chrono Boost)  
  17  1:12  Pylon  
  17  1:15  Pylon  
  18  1:23  Probe (Chrono Boost)  
  19  1:35  Probe  
  19  1:37  Gateway  
  19  1:39  Gateway  
  20  1:52  Cybernetics Core  
  20  2:00  Probe  
  21  2:08  Assimilator  
  20  2:27  Probe  
  21  2:39  Probe  
  21  2:40  Robotics Facility  
  22  2:56  Nexus  
  22  2:58  Pylon, Probe  
  23  3:00  Pylon  
  23  3:01  Warp Gate  
  23  3:06  Zealot (Chrono Boost)  
  25  3:18  Zealot (Chrono Boost)  
  27  3:21  Zealot (Chrono Boost)  
  29  3:39  Immortal  
  33  3:47  Probe  
  34  3:58  Stalker  
  34  3:59  Probe  
  34  4:00  Sentry  
  39  4:12  Twilight Council  
  39  4:39  Immortal  
  39  4:40  Probe x2  
  39  4:44  Charge (Chrono Boost)  
  45  4:52  Probe x2  
  46  4:55  Stalker  
  46  4:56  Stalker  
  51  5:04  Stalker  
  53  5:29  Shield Battery  
  53  5:43  Stalker  
  53  5:44  Stalker x2  
  53  5:45  Probe  
  53  5:46  Probe  
  61  5:58  Probe x2  
  63  6:05  Immortal (Chrono Boost)  
  67  6:12  Zealot  
  67  6:16  Probe  
  70  6:26  Pylon  
  70  6:27  Pylon  
  70  6:30  Pylon  
  70  6:37  Assimilator  
  70  6:39  Assimilator  
  70  6:44  Immortal, Probe x2  
  68  6:56  Probe x2  
  70  7:08  Probe  
  70  7:09  Probe  
  72  7:21  Probe x2  
  74  7:33  Probe x2  
  76  7:44  Nexus  
  76  7:45  Probe x2  
  76  7:46  Pylon  
  76  7:48  Pylon  
  76  7:52  Forge  
  76  7:53  Forge  
  76  7:55  Forge  
  76  7:57  Probe  
  76  7:58  Templar Archives  
  47  9:14  Stalker x3  
  49  9:28  Gateway  
  49  9:30  Gateway  
  49  9:32  Gateway  
  49  9:36  Stargate  
  49  9:38  Stalker x3  
  38  9:41  Stargate  
  38  9:43  Probe x3  
  40  9:47  Pylon  
  40  9:50  Pylon  
  38  9:55  Probe x3  
  22  10:22  Stalker x2  
  22  10:23  Stalker  
  14  10:45  Probe  
  14  10:46  Probe  
  16  10:58  Probe x2 (Chrono Boost)  
  18  11:10  Probe x2 (Chrono Boost)  
  20  11:18  Pylon, Probe x2 (Chrono Boost)  
  20  11:31  Fleet Beacon  
  18  11:42  Stalker x3  
  18  11:44  Probe x2 (Chrono Boost)  
  28  11:54  Probe x2 (Chrono Boost)  
  28  11:59  Probe x2 (Chrono Boost)  
  30  12:40  Stalker  
  30  12:41  Stalker x4  
Show
View Real Time Build Order
Export as new Build Order

tigro Terran 

Build Orders:  

Get SALT Encoding   

  13  0:14  SCV  
  13  0:22  Supply Depot  
  13  0:26  SCV  
  14  0:38  SCV  
  15  0:48  Barracks  
  15  0:52  Supply Depot  
  15  0:56  SCV  
  16  1:03  Refinery  
  16  1:08  SCV  
  17  1:37  Marine  
  18  1:41  SCV  
  19  1:51  Refinery  
  19  1:53  SCV  
  20  1:55  Marine  
  21  2:03  Engineering Bay  
  21  2:05  SCV  
  22  2:13  Marine  
  23  2:17  SCV  
  24  2:29  SCV  
  25  2:31  Marine  
  26  2:40  Factory  
  26  2:41  SCV  
  27  2:49  Marine  
  28  2:54  Orbital Command  
  28  2:57  Terran Infantry Weapons Level 1  
  28  3:06  Marine  
  29  3:24  Marine  
  30  3:27  Factory Tech Lab  
  30  3:48  Command Center  
  30  3:56  Barracks Tech Lab  
  30  4:09  Starport  
  30  4:26  Siege Tank  
  33  4:48  Armory  
  33  4:51  Terran Infantry Armor Level 1  
  33  4:58  Medivac, Siege Tank  
  38  5:03  Refinery  
  38  5:28  Combat Shield  
  38  5:37  SCV  
  39  5:49  SCV, Starport Tech Lab  
  40  5:50  Fusion Core  
  40  6:01  SCV  
  41  6:13  SCV  
  42  6:25  SCV, Refinery  
  43  6:32  Terran Vehicle Weapons Level 1  
  43  6:37  SCV  
  44  6:43  Marine  
  44  6:45  Hi-Sec Auto Tracking  
  45  6:49  SCV  
  46  7:01  Marine, SCV  
  48  7:13  SCV  
  49  7:19  Marine  
  49  7:22  Thor  
  56  7:23  Barracks  
  56  7:25  SCV  
  57  7:36  Marine  
  58  7:38  SCV  
  58  7:42  Neosteel Armor  
  59  7:50  SCV  
  60  7:54  Marine  
  61  8:31  Marine x2  
  61  8:48  Marine  
  61  8:51  Marine  
  61  8:52  Missile Turret  
  44  9:06  Marine  
  44  9:09  Marine  
  43  9:13  Missile Turret  
  41  9:24  Marine  
  41  9:27  Marine  
  42  9:34  Missile Turret  
  40  9:42  Marine  
  40  9:45  Marine  
  42  9:52  SCV  
  43  9:54  Missile Turret  
  43  10:00  Marine  
  43  10:03  Marine  
  43  10:04  SCV  
  41  10:16  SCV  
  41  10:17  Marine  
  41  10:20  Marine  
  41  10:28  SCV  
  42  10:40  SCV  
  40  10:42  Command Center  
  37  11:06  Starport  
  37  11:08  Barracks Reactor  
  37  11:18  Armory  
  37  11:19  Refinery  
  37  11:22  SCV  
  38  11:34  SCV  
  38  11:37  SCV  
  38  11:38  Marine  
  41  11:46  SCV  
  42  11:49  SCV  
  43  11:56  Marine  
  43  11:58  SCV  
  45  12:01  SCV  
  46  12:09  Fusion Core  
  46  12:10  SCV, Planetary Fortress  
  46  12:13  SCV  
  46  12:14  Marine  
  46  12:15  Refinery  
  49  12:22  SCV  
  50  12:25  SCV  
  38  12:32  Marine  
  38  12:34  SCV  
  35  12:50  Marine  
  35  12:53  Marine x2  
Show
View Real Time Build Order
Export as new Build Order

MrFercho Zerg 

Build Orders: Pool First 

Get SALT Encoding   

  13  0:21  Spawning Pool  
  11  0:22  Drone  
  11  0:26  Drone  
  13  0:31  Drone  
  14  0:41  Overlord  
  14  0:59  Drone x2  
  16  1:10  Drone  
  17  1:27  Drone  
  17  1:28  Extractor  
  17  1:34  Zergling x2  
  17  1:37  Queen  
  20  1:48  Zergling x2  
  20  1:53  Hatchery  
  20  1:54  Zergling x2  
  21  2:18  Drone  
  21  2:20  Overlord  
  22  2:46  Drone x2  
  24  2:52  Zergling x6  
  27  3:05  Zergling x4  
  29  3:14  Queen  
  29  3:16  Drone x3  
  31  3:28  Metabolic Boost  
  31  3:37  Drone x2  
  31  3:41  Overlord x2  
  33  3:51  Evolution Chamber  
  32  4:07  Baneling Nest  
  31  4:32  Zergling x2  
  31  4:33  Zergling x18  
  41  4:46  Drone  
  41  4:47  Drone x5  
  47  4:58  Baneling x6  
  47  4:59  Baneling  
  47  5:01  Zergling x6  
  50  5:35  Zergling x4  
  52  5:39  Overlord x3  
  52  5:40  Overlord  
  43  6:06  Drone x2  
  43  6:07  Drone x6  
  51  6:15  Extractor  
  51  6:17  Extractor  
  49  6:20  Hatchery  
  49  6:22  Lair  
  48  6:26  Zerg Missile Weapons Level 1  
  48  6:27  Extractor  
  48  6:30  Hatchery  
  46  7:12  Spine Crawler  
  46  7:14  Spore Crawler  
  45  7:26  Spore Crawler  
  45  7:29  Spine Crawler  
  43  7:34  Drone x2  
  43  7:35  Drone, Spire  
  45  7:38  Drone  
  45  7:39  Drone x15  
  61  7:48  Queen  
  60  8:13  Baneling x4  
  60  8:14  Baneling x2  
  60  8:28  Zergling x36  
  60  8:29  Zergling x2  
  53  9:19  Mutalisk  
  53  9:20  Mutalisk x2  
  53  9:24  Zergling x26  
  50  9:52  Baneling x3  
  44  9:53  Baneling x5  
  24  10:23  Mutalisk x2  
  27  10:49  Mutalisk x2  
  32  10:57  Drone x8  
  39  11:12  Zergling x16  
  39  11:13  Zergling x2  
  47  11:40  Baneling  
  47  11:41  Baneling x14  
  47  12:14  Spine Crawler, Drone x3  
  47  12:15  Spine Crawler  
Show
View Real Time Build Order
Export as new Build Order

Bernes Terran - Winner!

Build Orders:  

Get SALT Encoding   

  12  0:00  SCV  
  13  0:12  SCV  
  14  0:20  Supply Depot  
  14  0:24  SCV  
  15  0:42  SCV  
  16  0:46  Refinery  
  16  0:49  Barracks  
  16  0:54  SCV  
  17  1:04  Barracks  
  17  1:08  SCV  
  18  1:20  SCV  
  19  1:41  Orbital Command  
  19  1:46  Barracks  
  19  1:50  Marine  
  20  2:08  SCV  
  21  2:09  Marine  
  21  2:11  Marine  
  23  2:21  Factory  
  23  2:33  Supply Depot  
  23  2:47  Command Center  
  23  2:52  Barracks Reactor, Barracks Tech Lab  
  23  2:54  Marine  
  23  2:55  SCV  
  25  3:01  Supply Depot  
  25  3:07  Factory Tech Lab  
  25  3:12  Marine  
  25  3:13  Refinery  
  25  3:14  SCV  
  25  3:16  Marine  
  28  3:30  Stimpack, Marine  
  29  3:45  SCV  
  29  3:48  Marine  
  31  4:00  Starport  
  31  4:03  Marine x2  
  31  4:04  Marine  
  31  4:05  Orbital Command  
  34  4:15  Barracks Tech Lab  
  34  4:20  Marine  
  34  4:21  Marine  
  34  4:22  Marine, Engineering Bay  
  37  4:25  SCV  
  37  4:29  Siege Tank  
  41  4:39  Starport Reactor  
  41  5:09  Combat Shield, Marine  
  41  5:10  Orbital Command  
  41  5:12  Marine x2  
  44  5:17  Medivac  
  46  5:24  Medivac  
  48  5:32  Refinery  
  48  5:35  SCV  
  48  5:36  SCV  
  48  5:39  Refinery  
  50  5:45  Marine  
  50  5:46  Marine x3  
  50  5:49  Supply Depot  
  54  5:52  Supply Depot  
  54  6:11  Marine x3, SCV x2, Siege Tank  
  62  6:13  Marine  
  62  6:14  Medivac  
  62  6:16  Supply Depot  
  65  6:20  Supply Depot  
  65  6:23  SCV x2  
  67  6:29  Marine  
  68  6:35  SCV x2  
  70  6:47  SCV x2  
  66  6:59  SCV  
  58  7:06  SCV  
  59  7:12  SCV  
  60  7:18  SCV  
  60  7:20  Terran Infantry Weapons Level 1  
  61  7:24  SCV  
  62  7:30  SCV  
  62  7:32  Marine x4  
  62  7:33  Medivac  
  62  7:34  Medivac  
  62  7:35  Siege Tank  
  74  7:40  Factory  
  74  7:44  Command Center  
  74  7:45  Refinery  
  74  7:47  Refinery  
  74  7:55  SCV x2  
  76  8:00  Marine x2  
  76  8:01  Marine x2  
  76  8:03  Medivac  
  82  8:07  SCV  
  83  8:17  Siege Tank  
  86  8:25  Engineering Bay  
  86  8:31  Armory  
  86  8:42  Factory Tech Lab  
  86  8:56  Medivac, Marine x4, Siege Tank  
  95  9:13  Marine x4  
  99  9:31  Marine x2  
  99  9:35  Marine  
  99  9:38  Marine  
  101  9:43  Medivac  
  101  10:02  Supply Depot  
  101  10:03  Supply Depot  
  101  10:04  Supply Depot  
  101  10:07  Supply Depot  
  101  10:13  Marine  
  101  10:14  Marine x2  
  101  10:16  Marine  
  101  10:24  Medivac x2, Siege Tank  
  111  10:28  Siege Tank  
  111  10:31  Marine  
  111  10:32  Marine x2  
  111  10:34  Marine  
  115  10:48  Marine  
  115  10:49  Marine  
  116  10:50  Marine  
  116  10:52  Marine  
  116  10:54  Medivac  
  116  10:56  Siege Tank  
  122  11:02  Orbital Command  
  122  11:06  Marine  
  122  11:07  Marine  
  122  11:08  Marine  
  122  11:10  Marine  
  126  11:12  Terran Infantry Armor Level 1  
  126  11:14  Terran Vehicle Weapons Level 1  
  126  11:24  Supply Depot  
  126  11:26  Supply Depot  
  126  11:29  Supply Depot  
  124  11:42  Marine x3  
  124  11:43  Marine  
  124  11:44  Medivac x2, Siege Tank x2  
  138  11:51  Command Center, Refinery  
  138  11:53  Factory  
  138  11:54  Refinery  
  138  11:55  Factory  
  138  11:56  Supply Depot  
  138  11:58  Supply Depot  
  138  12:00  Supply Depot  
  138  12:31  Marine  
  138  12:32  Marine x3  
  138  12:33  Siege Tank x2  
  148  12:49  Marine x2  
  148  12:50  Marine  
Show
View Real Time Build Order
Export as new Build Order

YIG Protoss - Winner!

Build Orders:  

Get SALT Encoding   

  12  0:04  Probe  
  13  0:15  Pylon  
  13  0:24  Probe  
  14  0:36  Probe  
  14  0:39  Gateway  
  15  0:49  Probe  
  16  0:51  Assimilator  
  16  1:01  Probe  
  17  1:13  Probe  
  17  1:15  Pylon  
  18  1:23  Forge  
  18  1:29  Zealot  
  20  1:34  Probe  
  21  1:47  Cybernetics Core  
  21  1:54  Pylon  
  21  1:56  Zealot  
  23  2:03  Photon Cannon  
  23  2:21  Warp Gate (Chrono Boost)  
  23  2:23  Assimilator  
  23  2:29  Gateway  
  23  2:34  Gateway  
  23  2:39  Probe  
  24  2:48  Photon Cannon  
  24  2:51  Probe  
  25  3:09  Probe  
  26  3:31  Nexus  
  26  3:36  Pylon  
  26  3:53  Gateway  
  26  3:56  Twilight Council  
  26  4:04  Stalker  
  26  4:05  Zealot  
  30  4:26  Probe  
  31  4:32  Charge  
  31  4:35  Protoss Shields Level 1 (Chrono Boost)  
  31  4:38  Probe  
  31  4:45  Pylon  
  32  4:51  Probe (Chrono Boost)  
  34  4:56  Probe (Chrono Boost)  
  34  5:01  Probe (Chrono Boost)  
  34  5:03  Photon Cannon  
  35  5:07  Zealot  
  37  5:25  Stargate  
  37  5:31  Zealot  
  37  5:32  Stalker  
  37  5:33  Stalker  
  43  5:37  Probe  
  44  5:49  Probe  
  45  5:59  Stalker, Zealot  
  45  6:00  Zealot  
  51  6:09  Assimilator  
  51  6:12  Probe  
  51  6:17  Zealot  
  54  6:24  Probe  
  55  6:28  Pylon  
  55  6:36  Probe  
  55  6:37  Protoss Ground Weapons Level 1  
  55  6:39  Stalker x2  
  60  6:40  Stalker  
  62  6:48  Probe  
  63  6:55  Void Ray  
  67  7:05  Blink  
  67  7:24  Stalker  
  67  7:25  Stalker x2  
  67  7:26  Stalker  
  49  8:09  Void Ray  
  49  8:16  Pylon  
  49  8:17  Stalker  
  49  8:18  Stalker, Pylon  
  49  8:19  Stalker, Zealot  
  57  8:31  Assimilator  
  57  8:36  Photon Cannon  
  57  8:45  Protoss Ground Armor Level 1  
  57  8:46  Stalker  
  57  8:47  Stalker  
  57  8:48  Zealot x2  
  63  8:51  Void Ray  
  67  9:43  Nexus  
  55  10:28  Stalker x2  
  57  10:29  Stalker x2  
  55  10:38  Pylon  
  55  10:53  Stalker  
  55  10:54  Stalker x2  
  55  10:55  Stalker  
  63  11:00  Probe (Chrono Boost)  
  64  11:10  Probe x2 (Chrono Boost)  
  66  11:14  Probe (Chrono Boost)  
  66  11:18  Stalker x2, Probe  
  70  11:19  Stalker  
  70  11:20  Zealot  
  76  11:30  Probe  
  77  11:43  Stalker x3  
  77  11:44  Stalker  
  75  13:04  Stalker x3  
  75  13:05  Stalker  
Show
View Real Time Build Order
Export as new Build Order

simons Zerg - Winner!

Build Orders: Hatch First 

Get SALT Encoding   

  12  0:37  Drone  
  12  0:38  Drone  
  12  0:41  Hatchery  
  13  0:58  Spawning Pool  
  13  1:00  Drone  
  13  1:13  Overlord, Drone  
  13  1:16  Extractor  
  13  1:19  Drone  
  14  1:43  Drone x2  
  16  2:13  Zergling x10  
  16  2:15  Queen  
  21  2:20  Roach Warren  
  22  2:25  Metabolic Boost  
  22  2:33  Drone x2  
  25  2:37  Drone  
  25  3:04  Hatchery  
  24  3:12  Drone x2  
  26  3:15  Drone  
  26  3:28  Zergling x2  
  26  3:29  Overlord  
  27  3:51  Drone x2  
  27  3:52  Overlord x2, Drone x2  
  31  3:58  Drone  
  32  4:13  Drone x4  
  36  4:23  Roach x2  
  44  4:31  Roach x3  
  44  4:36  Roach  
  44  4:38  Roach  
  50  4:42  Drone x2  
  50  4:43  Drone  
  53  4:54  Queen  
  53  4:56  Queen  
  57  5:14  Overlord x3  
  57  5:15  Overlord  
  53  5:35  Roach x6  
  65  5:36  Roach x3  
  65  5:38  Roach  
  73  5:43  Drone  
  73  5:44  Drone  
  72  5:53  Roach x3  
  66  6:08  Drone x4  
  70  6:13  Lair  
  70  6:17  Roach  
  72  6:19  Zergling x2  
  72  6:20  Zergling x14  
  72  6:23  Drone  
  81  6:27  Extractor  
  80  6:36  Evolution Chamber  
  80  6:37  Evolution Chamber  
  80  6:38  Extractor, Drone x4, Evolution Chamber  
  80  6:39  Drone  
  81  6:54  Overlord x3  
  81  6:55  Drone x2  
  82  7:17  Drone x6  
  82  7:18  Drone x2  
  90  7:24  Hatchery  
  90  7:28  Extractor  
  90  7:29  Drone x4  
  92  7:34  Glial Reconstitution  
  92  7:36  Zerg Missile Weapons Level 1  
  92  7:37  Zerg Melee Weapons Level 1  
  92  7:44  Zerg Ground Armor Level 1  
  92  7:55  Zergling x2  
  92  7:56  Roach x4  
  101  8:11  Extractor  
  100  8:13  Extractor  
  99  8:31  Infestation Pit  
  99  8:33  Zergling x2  
  93  8:34  Zergling x22  
  104  8:43  Zergling x8  
  104  8:44  Zergling x4  
  108  8:53  Zergling x4  
  108  8:54  Zergling x12  
  97  9:03  Zergling x4  
  92  9:11  Zergling x8  
  87  9:31  Hive  
  87  9:34  Zergling x2  
  87  9:35  Zergling x14  
  93  9:58  Zergling x2  
  93  9:59  Zergling x26  
  82  10:20  Zergling x14, Hatchery  
  82  10:21  Zergling x4  
  86  10:34  Zergling x2  
  86  10:35  Zergling x22  
  90  10:47  Drone x4  
  90  10:48  Drone  
  95  10:55  Adrenal Glands  
  95  11:02  Zergling x2  
  95  11:03  Zergling x8  
  96  11:15  Roach  
  96  11:16  Roach x3  
  91  11:40  Hatchery  
  91  11:42  Drone x4  
  91  11:43  Drone x8  
  91  11:44  Drone x3  
  105  11:55  Ultralisk Cavern  
  105  11:58  Hydralisk Den  
  103  12:08  Extractor  
  102  12:09  Extractor  
  102  12:10  Pneumatized Carapace  
  101  12:20  Zergling x2  
  101  12:21  Zergling x40  
  101  12:22  Zergling x6  
  121  12:43  Overlord x2  
  121  12:44  Overlord x4  
  113  12:51  Overlord  
  113  12:52  Overlord x6  
Tags
 
Add a new tag
Caveats
  • Supply blocks, unpowered buildings, or Contaminate may cause inaccurate times.
  • Supply counts are checked every 10 seconds.